 Dungeon Crawl Stone Soup version 0.29-a0-360-g8ed1089bbe (webtiles) character file.

Game seed: 13650229573378561873

22 YayAnonymity the Poker (level 2, 0/22 HPs)
             Began as a Demonspawn Gladiator on Apr 29, 2022.
             Slain by Terence
             ... wielding a +0 morningstar
              (3 damage)
             ... on level 2 of the Dungeon.
             The game lasted 00:01:31 (824 turns).

YayAnonymity the Poker (Demonspawn Gladiator)        Turns: 824, Time: 00:01:32

Health: 0/22       AC: 10    Str: 14    XL:     2   Next: 68%
Magic:  2/2        EV:  6    Int:  9    God:
Gold:   26         SH:  0    Dex: 14    Spells: 1/1 levels left

rFire   . . .      SeeInvis .   a - +0 trident
rCold   . . .      Faith    .   (no shield)
rNeg    . . .      Spirit   .   g - +0 chain mail
rPois   .          Reflect  .   c - +0 helmet
rElec   .          Harm     .   (no cloak)
rCorr   .          Rampage  .   (no gloves)
Will    .....                   j - +0 pair of boots
Stlth   ..........              (no amulet)
HPRegen 0.07/turn               (no ring)
MPRegen 0.08/turn               (no ring)

@: no status effects
A: foul stench 1
a: no special abilities


You were on level 2 of the Dungeon.
You visited 1 branch of the dungeon, and saw 2 of its levels.

You collected 26 gold pieces.

Inventory:

Hand Weapons
 a - a +0 trident (weapon)
Missiles
 d - 2 throwing nets (quivered)
 e - a javelin
Armour
 c - a +0 helmet (worn)
 g - a +0 chain mail (worn)
 j - a +0 pair of boots (worn)
Scrolls
 b - a scroll of noise {unknown}
 f - a scroll of identify {unknown}
 i - a scroll of vulnerability {unknown}
 k - a scroll of teleportation {unknown}
 m - a scroll of enchant armour {unknown}
 n - a scroll of amnesia {unknown}
Potions
 h - a potion of mutation {unknown}
 l - 2 potions of brilliance {unknown}


   Skills:
 - Level 2.0 Fighting
 * Level 3.2 Polearms
 - Level 1.7 Throwing
 + Level 0.8 Armour
 + Level 2.9 Dodging


You had one spell level left.
You didn't know any spells.
Your spell library was empty.

Dungeon Overview and Level Annotations

Branches:
Dungeon (2/15)

Altars:

Annotations:
D:2 Terence


Innate Abilities, Weirdness & Mutations

You may rarely emit foul miasma when damaged in melee.


Message History

Terence struggles against the net.
Reach: a) +0 trident
Press: ? - help, Dir - move target, f/p - Terence
Aim: Terence, wielding a +0 morningstar and wearing a +0 scale mail (entangled in a net, about 7% to evade your +0 trident)
You reach to attack!
You barely miss Terence.
Terence struggles against the net.
Reach: a) +0 trident
Press: ? - help, Dir - move target, f/p - Terence
Aim: Terence, wielding a +0 morningstar and wearing a +0 scale mail (entangled in a net, about 7% to evade your +0 trident)
You reach to attack!
You puncture Terence!
Terence is moderately wounded.
Terence struggles against the net.
The net rips apart, and Terence comes free!
Reach: a) +0 trident
Press: ? - help, Dir - move target, f/p - Terence
Aim: Terence, wielding a +0 morningstar and wearing a +0 scale mail (moderately wounded, about 37% to evade your +0 trident)
You reach to attack!
You hit Terence but do no damage.
Terence is moderately wounded.
Reach: a) +0 trident
Press: ? - help, Dir - move target, f/p - Terence
Aim: Terence, wielding a +0 morningstar and wearing a +0 scale mail (moderately wounded, about 37% to evade your +0 trident)
You hit Terence.
Terence is heavily wounded.
Terence hits you with a +0 morningstar!
You barely miss Terence.
Terence is heavily wounded.
Terence hits you but does no damage. Terence hits you with a +0 morningstar.
You barely miss Terence.
Terence is heavily wounded.
Terence bares his teeth.
Terence hits you but does no damage.
You hit Terence. Your punch misses Terence.
Terence is severely wounded.
Terence hits you with a +0 morningstar!
Ouch! That really hurt!
* * * LOW HITPOINT WARNING * * *
You hit Terence.
Terence is almost dead.
Terence hits you with a +0 morningstar.
You die...

#.....##...#G# ##
#.....+....### #.##
#.....##.#.... #..#
#........#....
####..###........#....
###.......>..........#
........#####..###...#
###.###.......####...###
# #@####.)...#......
#....@..##.....#.#....
#..............#.#....
#................###..
##......##.......## ..
#......##..#..)..# ..
#......##..#.....#..#
#......##..#.#......#
#..........#


You could see Terence.

Vanquished Creatures
  2 ball pythons (D:1)
  A bat (D:1)
  2 endoplasms (D:1)
  5 goblins (D:1)
  A hobgoblin (D:1)
  2 quokkas (D:1)
  4 kobolds
  4 rats (D:1)
21 creatures vanquished.

Notes
Turn   | Place    | Note
-------+----------+-------------------------------------------
     0 | D:1      | YayAnonymity the Demonspawn Gladiator began the quest for
                  | the Orb.
     0 | D:1      | Reached XP level 1. HP: 16/16 MP: 1/1
   299 | D:1      | Reached skill level 3 in Polearms
   299 | D:1      | Gained mutation: You may rarely emit foul miasma when
                  | damaged in melee. [demonic ancestry]
   299 | D:1      | Reached XP level 2. HP: 18/22 MP: 2/2
   793 | D:2      | Noticed a great orb of eyes
   794 | D:2      | Found a faded altar of an unknown god.
   810 | D:2      | Noticed Terence
   824 | D:2      | Slain by Terence

Illustrated notes

Levels and vault maps discovered:
D:1:      mrwooster_arrival_statue_2, layout_rooms, serial_bayou,
          serial_bayou_pond_e, serial_bayou_ford_a, serial_bayou_pond_d,
          serial_bayou_pond_e
D:2:      layout_basic, hellmonk_ecumenical_altar_watching_god, uniq_terence

Skill      XL: |  1 |
---------------+----+-----
Polearms       | 3 |  3.2
Fighting       | |  2.0
Throwing       | |  1.7
Armour         | |  0.8
Dodging        | |  2.9

Action                   || total
-------------------------++-------
Melee: Trident           ||    69
Throw: Throwing net      ||     1
 Stab: Held in net/web   ||     1
Armor: Leather armour    ||     9
       Chain mail        ||    18
Dodge: Dodged            ||    24

Table legend: (Time is in decaauts)
 A = Elapsed time spent in this place.
 B = Non-inter-level travel time spent in this place.
 C = Inter-level travel time spent in this place.
 D = Time resting spent in this place.
 E = Time spent auto-exploring this place.
 F = Levels seen in this place.
 G = Mean time per level.
                   A        B        C        D        E       F      G
               +--------+--------+--------+--------+--------+-----+--------+
         Total |    845 |    802 |     43 |    235 |    394 |   2 |  422.5 |
       Dungeon |    845 |    802 |     43 |    235 |    394 |   2 |  422.5 |
               +--------+--------+--------+--------+--------+-----+--------+

Top non-repeatable levels by time:
     D:1: 796 daAuts
     D:2: 49 daAuts
